 Dungeon Crawl Stone Soup version 0.17-a0-1871-gdc8eb4e (webtiles) character file.

6611 DecibelRebel the Covert (level 10, 0/47 HPs)
             Began as a Spriggan Enchanter on Sept 21, 2015.
             Was a Priest of Nemelex Xobeh.
             Slain by a blink frog (19 damage)
             ... on level 1 of the Lair of Beasts.
             The game lasted 01:13:18 (11131 turns).

DecibelRebel the Covert (Spriggan Enchanter)       Turns: 11131, Time: 01:13:18

Health: 0/47       AC:  4    Str:  7    XL:     10   Next: 71%
Magic:  15/20      EV: 28    Int: 17    God:    Nemelex Xobeh [***...]
Gold:   399        SH:  0    Dex: 20    Spells: 5 memorised, 9 levels left

rFire  . . .     SeeInvis +     O - +2 dagger (chaos)
rCold  + . .     Clarity  +     y - +1 robe {rC+}
rNeg   . . .     SustAt   .     (shield restricted)
rPois  .         Gourm    .     (helmet restricted)
rElec  .         Spirit   .     N - +0 cloak
rCorr  .         Warding  .     (gloves unavailable)
rMut   .         Stasis   .     (boots unavailable)
MR     +....                    t - amulet of clarity
Stlth  +++++++...               J - +3 ring of dexterity
                                e - ring of stealth

@: very quick, somewhat resistant to hostile enchantments, extremely stealthy
A: unfitting armour, see invisible, herbivore 3, speed 3, slow metabolism 2
a: Triple Draw, Renounce Religion


You were on level 1 of the Lair of Beasts.
You worshipped Nemelex Xobeh.
Nemelex Xobeh was most pleased with you.
You were not hungry.

You visited 2 branches of the dungeon, and saw 10 of its levels.

You collected 546 gold pieces.
You spent 147 gold pieces at shops.

Inventory:

Hand weapons
 O - a +2 dagger of chaos (weapon)
Armour
 y - a +1 robe of cold resistance (worn)
 N - a +0 cloak (worn)
Jewellery
 a - an uncursed ring of protection from cold
 e - a ring of stealth (left hand)
 t - an amulet of clarity (around neck)
 x - an uncursed ring of poison resistance
 J - a +3 ring of dexterity (right hand)
 L - an uncursed ring of protection from cold
 T - an uncursed ring of magical power
 Y - an uncursed ring of positive energy {unknown}
Magical devices
 z - a wand of frost (24)
 E - a wand of cold (9)
 K - a wand of paralysis (11)
 M - a wand of teleportation (5)
 S - a wand of hasting (3)
Scrolls
 f - 7 scrolls of remove curse
 h - 4 scrolls of random uselessness
 i - a scroll of enchant weapon
 m - 4 scrolls of teleportation
 r - 2 scrolls of recharging {unknown}
 u - a scroll of immolation {unknown}
 B - 2 scrolls of blinking
 C - 2 scrolls of fog {unknown}
 R - a scroll of enchant armour
 V - a scroll of magic mapping {unknown}
 W - 2 scrolls of amnesia {unknown}
Potions
 g - 3 potions of agility
 j - a potion of magic
 l - 5 potions of ambrosia
 o - 2 potions of brilliance
 q - a potion of degeneration
 s - a potion of curing
 v - 2 potions of heal wounds {unknown}
 w - a potion of flight {unknown}
 A - 2 potions of lignification
 D - a potion of haste {unknown}
Books
 c - a book of Maledictions

   Spells                             Type                      Level
   a - Corona                         Hexes                        1
   b - Ensorcelled Hibernation        Hexes/Ice                    2
   c - Confuse                        Hexes                        3
   d - Tukima's Dance                 Hexes                        3
   e - Dazzling Spray                 Conjuration/Hexes            3
 p - a book of Summonings

   Spells                             Type                      Level
   a - Recall                         Summoning/Translocation      3
   b - Aura of Abjuration             Summoning                    5
   c - Shadow Creatures               Summoning                    5
   d - Summon Demon                   Summoning                    5
   e - Summon Forest                  Summoning/Translocation      5
   f - Summon Mana Viper              Hexes/Summoning              5
 F - a book of Changes

   Spells                             Type                      Level
   a - Beastly Appendage              Transmutation                1
   b - Sticks to Snakes               Transmutation                2
   c - Spider Form                    Transmutation/Poison         3
   d - Ice Form                       Ice/Transmutation            4
   e - Blade Hands                    Transmutation                5
 I - an Akashic Record

   Spells                             Type                      Level
   a - Dispersal                      Translocation                6
   b - Controlled Blink               Translocation                7
   c - Malign Gateway                 Summoning/Translocation      7
   d - Disjunction                    Translocation                8
Miscellaneous
 H - a plain deck of destruction {drawn: 1}
 P - a plain deck of war {drawn: 5}
 Q - a plain deck of destruction
 U - an ornate deck of escape
 X - a plain deck of war
 Z - an ornate deck of escape
Comestibles
 d - 3 bread rations


   Skills:
 * Level 2.3 Fighting
 - Level 10.2 Short Blades
 * Level 10.2 Dodging
 - Level 12.2 Stealth
 + Level 6.0 Spellcasting
 + Level 5.0 Hexes
 - Level 8.0 Evocations


You had 9 spell levels left.
You knew the following spells:

 Your Spells              Type           Power        Failure   Level  Hunger
a - Corona                Hex            ###....      1%          1    None
b - Ensorcelled Hibernat  Hex/Ice        ##....       10%         2    None
c - Confuse               Hex            ###.....     6%          3    ##.....
d - Tukima's Dance        Hex            ###.....     6%          3    ##.....
e - Dazzling Spray        Conj/Hex       ##......     14%         3    ##.....


Dungeon Overview and Level Annotations

Branches:
Dungeon (9/15)             Temple (0/1) D:5            Lair (1/8) D:8
    Orc: D:9-12

Altars:
Dithmenos
Fedhas
Kikubaaqudgha
Makhleb
Nemelex Xobeh
Qazlal
Sif Muna
Zin
The Shining One

Shops:
D:9 =?


Innate Abilities, Weirdness & Mutations

You are tiny and cannot use many weapons and most armour.
You have supernaturally acute eyesight.
You are a herbivore.
You cover ground extremely quickly.
You need consume almost no food.


Message History

The blink frog hits you.
The blink frog blinks!
The blink frog momentarily phases out as your attack passes through it.
The blink frog is moderately wounded.
The blink frog closely misses you.
You puncture the blink frog! You drain the blink frog!
The blink frog is heavily wounded.
The blink frog hits you!
You hit the blink frog. You freeze the blink frog.
The blink frog is heavily wounded.
The blink frog hits you!!
* * * LOW HITPOINT WARNING * * *
The blink frog blinks!
Drink which item? (? for menu, Esc to quit)
You feel better.
You hit the blink frog.
The blink frog looks momentarily confused.
The blink frog is severely wounded.
The blink frog hits you!!
You die...
Your body glows with a rainbow of weird colours and disappears.

......................#. #####..
........................ .......
........(........†...... .......
.........)...".......... .......
....................P.## #..≈≈.≈
##..........(.......### ..≈≈≈≈.
..#..................####..≈≈≈≈≈≈
.......#########...........≈≈≈≈≈≈
.......# #.@F..###...≈≈≈≈≈≈.
..#....# ......#....# #...≈≈≈≈≈≈>
..P....# .....##....# #...≈≈≈≈≈≈.
.......##..... #....###...≈≈;≈≈≈≈
.....§..#.... #....P##....≈≈≈≈≈.
#......##### #....## #.##......
.......# ..##....####.##.P....
......... r........#P##.####P...
..§.§..... ......................


You could see a blink frog (berserk).

Vanquished Creatures
  Pikel (D:8)
  Maurice (D:8)
  Psyche (D:8)
  2 komodo dragons
  Grinder (D:6)
  A blink frog (Lair:1)
  Sigmund (D:3)
  The ghost of DecibelRebel the Sneak, an average SpEn of Dithmenos (D:3)
  Grum (Lair:1)
  A hippogriff (Lair:1)
  A steam dragon (D:8)
  4 wolves (Lair:1)
  2 water moccasins
  Duvessa (D:4)
  3 ice beasts
  A phantom (D:8)
  A black bear (D:9)
  2 sky beasts
  A slave (D:8)
  2 ogres
  3 centaurs
  A crocodile (Lair:1)
  8 giant frogs
  2 wyvern zombies
  Dowan (D:4)
  2 scorpions
  3 killer bees (D:9)
  3 wights
  2 crimson imps
  A hound (D:5)
  A centaur zombie (D:7)
  4 orc priests
  5 iguanas
  A quasit (D:8)
  2 jellies
  2 giant frog skeletons
  Jessica (D:3)
  3 orc wizards
  3 worker ants
  Natasha (thrice) (D:2)
  2 hound zombies
  Robin (D:3)
  8 adders
  A shadow imp (D:7)
  2 adder skeletons (D:7)
  2 worms (D:3)
  8 giant geckos
  16 orcs
  4 giant cockroaches
  10 hobgoblins
  15 jackals
  6 kobolds
  7 bats
  5 giant newts
  12 goblins
  2 quokkas
  A quokka zombie (D:7)
  10 rats
192 creatures vanquished.

Vanquished Creatures (collateral kills)
  An orc (D:9)
1 creature vanquished.

Vanquished Creatures (others)
  3 plants
3 creatures vanquished.

Grand Total: 196 creatures vanquished

Notes
Turn   | Place    | Note
--------------------------------------------------------------
     0 | D:1      | DecibelRebel the Spriggan Enchanter began the quest for the Orb.
     0 | D:1      | Reached XP level 1. HP: 9/9 MP: 5/5
   337 | D:1      | Reached XP level 2. HP: 8/13 MP: 7/7
   869 | D:1      | Learned a level 2 spell: Ensorcelled Hibernation
   980 | D:1      | Reached skill level 5 in Stealth
  1259 | D:1      | Reached XP level 3. HP: 16/16 MP: 8/8
  1270 | D:1      | Learned a level 3 spell: Confuse
  2278 | D:2      | Reached XP level 4. HP: 6/21 MP: 6/9
  2499 | D:2      | Noticed Natasha
  2629 | D:2      | Killed Natasha
  2637 | D:2      | Noticed Natasha
  2643 | D:2      | Killed Natasha
  2688 | D:2      | Noticed Natasha
  2761 | D:2      | Killed Natasha
  2910 | D:3      | Reached skill level 6 in Stealth
  3006 | D:3      | Noticed DecibelRebel's ghost (average SpEn)
  3085 | D:3      | Killed DecibelRebel's ghost
  3085 | D:3      | Reached skill level 5 in Short Blades
  3085 | D:3      | Reached XP level 5. HP: 9/24 MP: 6/10
  3085 | D:3      | Reached XP level 6. HP: 10/28 MP: 6/11
  3437 | D:3      | Noticed Jessica
  3457 | D:3      | Killed Jessica
  3457 | D:3      | Reached skill level 7 in Stealth
  3550 | D:3      | Noticed Sigmund
  3565 | D:3      | Killed Sigmund
  3809 | D:3      | Noticed Robin
  4151 | D:3      | Killed Robin
  4618 | D:4      | Reached XP level 7. HP: 32/32 MP: 13/13
  4661 | D:4      | Reached skill level 5 in Dodging
  4787 | D:4      | Found a blossoming altar of Fedhas.
  4973 | D:4      | Noticed Dowan
  4974 | D:4      | Noticed Duvessa
  4975 | D:4      | Killed Dowan
  5096 | D:4      | Killed Duvessa
  5347 | D:5      | Entered Level 5 of the Dungeon
  5364 | D:5      | Reached skill level 8 in Stealth
  5404 | D:5      | Found a sparkling altar of Nemelex Xobeh.
  5409 | D:5      | Became a worshipper of Nemelex Xobeh the Trickster
  5565 | D:5      | Received a gift from Nemelex Xobeh
  5575 | D:5      | Found a stormy altar of Qazlal.
  5692 | D:5      | Found a staircase to the Ecumenical Temple.
  5779 | D:5      | Found a shadowy altar of Dithmenos.
  5841 | D:5      | Learned a level 3 spell: Tukima's Dance
  5845 | D:5      | Learned a level 3 spell: Dazzling Spray
  6435 | D:6      | Reached XP level 8. HP: 36/36 MP: 16/16
  6484 | D:6      | Reached skill level 5 in Spellcasting
  6490 | D:6      | Noticed Grinder
  6669 | D:6      | Killed Grinder
  6669 | D:6      | Reached skill level 5 in Hexes
  7072 | D:6      | Reached skill level 9 in Stealth
  7149 | D:6      | Reached skill level 1 in Evocations
  8021 | D:7      | Reached XP level 9. HP: 39/39 MP: 19/19
  8379 | D:8      | Noticed Maurice
  8549 | D:8      | Killed Maurice
  8549 | D:8      | Reached skill level 10 in Stealth
  8597 | D:8      | Reached skill level 5 in Evocations
  8727 | D:8      | Received a gift from Nemelex Xobeh
  9023 | D:8      | Noticed Pikel
  9161 | D:8      | Noticed Psyche
  9163 | D:8      | Killed Psyche
  9163 | D:8      | Reached skill level 11 in Stealth
  9192 | D:8      | Found a staircase to the Lair.
  9193 | D:8      | Noticed a komodo dragon
  9331 | D:8      | Received a gift from Nemelex Xobeh
  9341 | D:8      | Found a deep blue altar of Sif Muna.
  9471 | D:9      | Reached XP level 10. HP: 44/44 MP: 15/20
  9541 | D:9      | Reached skill level 10 in Short Blades
 10044 | D:9      | Found Xumpuluwk's Jewellery Shop.
 10044 | D:9      | Received a gift from Nemelex Xobeh
 10076 | D:9      | Found Turr's Magic Scroll Boutique.
 10092 | D:9      | Bought a scroll of teleportation for 42 gold pieces
 10092 | D:9      | Bought a scroll of blinking for 105 gold pieces
 10096 | D:9      | Acquired Nemelex Xobeh's first power
 10170 | D:9      | Found a glowing silver altar of Zin.
 10173 | D:9      | Found a glowing golden altar of the Shining One.
 10176 | D:9      | Found an ancient bone altar of Kikubaaqudgha.
 10407 | D:8      | Killed a komodo dragon
 10410 | Lair:1   | Entered Level 1 of the Lair of Beasts
 10442 | Lair:1   | Received a gift from Nemelex Xobeh
 10447 | Lair:1   | Noticed Grum
 10522 | Lair:1   | Reached skill level 1 in Fighting
 10565 | D:8      | Killed Pikel
 10565 | D:8      | Reached skill level 12 in Stealth
 10661 | Lair:1   | Found a burning altar of Makhleb.
 11013 | Lair:1   | Received a gift from Nemelex Xobeh
 11022 | Lair:1   | Killed Grum
 11022 | Lair:1   | Reached skill level 10 in Dodging
 11131 | Lair:1   | Slain by a blink frog

Vault maps used:
D:1:      lightli_arrival_windingriver
D:2:      first_bread, kennysheep_potato, uniq_natasha
D:3:      uniq_sigmund, uniq_jessica, uniq_robin
D:4:      fedhas_altar_2, uniq_duvessa
D:5:      kennysheep_little_box, nicolae_dithmenos_the_darkroom,
          minmay_temple_entry_junction, minmay_misc_feat_rows,
          grunt_qazlal_sundering
D:6:      uniq_grinder
D:8:      david_lair_shrubbed, basic_altar, uniq_psyche, uniq_maurice,
          uniq_pikel
D:9:      grunt_temple_overflow_diamond, serial_shops, shop, nicolae_shop_stone,
          nicolae_shop_competitors_out_of_business
Lair:1:   basic_altar, infiniplex_staircase_pool, uniq_grum

Action                   |  1- 3 |  4- 6 |  7- 9 | 10-12 || total
-------------------------+-------+-------+-------+-------++-------
Melee: Dagger            |   184 |   160 |   427 |   115 ||   886
       Short sword       |       |       |    25 |       ||    25
 Cast: Corona            |    10 |     9 |     9 |     6 ||    34
       Ensorcelled Hiber |     4 |    18 |    25 |    17 ||    64
       Confuse           |       |     1 |    23 |    11 ||    35
       Dazzling Spray    |       |       |     1 |       ||     1
       Tukima's Dance    |       |       |       |     1 ||     1
Invok: Triple Draw       |       |       |       |     1 ||     1
Evoke: Deck              |       |       |     1 |     2 ||     3
  Use: Scroll            |     2 |     1 |     9 |     3 ||    15
       Potion            |       |       |       |     5 ||     5
 Stab: Sleeping          |     8 |    15 |    37 |    14 ||    74
       Confused          |       |     1 |    11 |     5 ||    17
       Distracted        |       |     1 |     1 |       ||     2
  Eat: Fruit             |       |     2 |       |       ||     2
       Pizza             |       |     1 |     2 |       ||     3
       Royal jelly       |       |       |     1 |       ||     1
       Bread ration      |       |       |       |     1 ||     1
